AoeStats
← disgruntledDutch

Black Forest

509782730Analyzed
3v3 RM · 3d ago on Sep 28, 2026· 63m 58s· 6 players
Game mode
Random Map
Map size
Normal (6 player)
Population
200
Speed
Normal
Resources
Standard
Victory
Conquest
Starting age
Dark Age
Ending age
Imperial Age
RankedLock teamsTeams togetherTeam positionsShared explorationLock speedFull tech treeHidden civsTurbo modeCheats
Victory
Defeat
🇨🇳 Varangians · China
1101
+14
🇲🇽 Chinese · Mexico
1042
+17
🇻🇳 Khitans · Vietnam
1008
+19
🇺🇸 Celts · United States
1070
-17
🇺🇸 Romans · United States
1066
-17
🇺🇸 Britons · United States
1042
-16
2204528
10:50 Feudal Age
17:06 Castle Age
32:26 Horse Collar
37:22 Imperial Age
36:25 Forging
36:21 Scale Barding Armor
39:11 Iron Casting
41:17 Conscription
41:03 Gold Mining
41:04 Stone Mining
42:46 Elite Jarl
46:21 Blast Furnace
45:41 Chain Barding Armor
45:12 Fletching
46:12 Heavy Plow
46:06 Vendel Legacy
46:07 Gothikon
49:34 Murder Holes
50:00 Ballistics
50:41 Chemistry
51:03 Wheelbarrow
53:17 Bodkin Arrow
54:14 Plate Barding Armor
54:03 Double-Bit Axe
54:50 Crop Rotation
54:10 Loom
55:10 Bow Saw
61:55 Bracer
61:56 Padded Archer Armor
63:17 Two-Man Saw
kyokiroto
11:55 Feudal Age
14:35 Double-Bit Axe
14:44 Fishing Lines
19:57 Castle Age
20:46 Gillnets
21:10 Bow Saw
21:35 Stone Mining
24:25 Stone Shaft Mining
23:41 Gold Mining
25:41 Domestication
26:58 Scale Mail Armor
27:08 Forging
28:07 Lamellar Armor
28:43 Pastoralism
29:21 Wheelbarrow
32:42 Imperial Age
30:31 Hand Cart
30:32 Town Watch
30:33 Loom
31:51 Chain Mail Armor
32:11 Iron Casting
31:52 Chain Mail Armor
32:15 Iron Casting
31:45 Squires
31:31 Arson
33:58 Plate Mail Armor
32:52 Capped Ram
34:08 Conscription
33:23 Elite Liao Dao
34:57 Town Patrol
34:43 Siege Ram
62:33 Chemistry
61:53 Ballistics
61:24 Heated Shot
Barbeituss
0:35 Loom
11:39 Feudal Age
17:01 Castle Age
17:46 Double-Bit Axe
17:54 Gold Mining
19:51 Horse Collar
22:58 Scale Mail Armor
23:45 Wheelbarrow
30:37 Town Watch
34:34 Bow Saw
34:26 Stone Mining
38:37 Heavy Plow
40:18 Chain Mail Armor
41:41 Gold Shaft Mining
44:16 Fletching
AmateurHour
1:51 Loom
10:35 Feudal Age
11:31 Double-Bit Axe
15:31 Man-at-Arms
16:46 Horse Collar
17:02 Gold Mining
20:00 Castle Age
17:56 Man-at-Arms
21:02 Bow Saw
20:16 Long Swordsman
24:20 Scale Mail Armor
27:13 Chain Mail Armor
27:12 Squires
30:21 Wheelbarrow
30:35 Gold Shaft Mining
29:50 Stone Mining
31:36 Forging
35:01 Imperial Age
34:02 Hand Cart
34:19 Heavy Plow
35:55 Legionary
39:02 Iron Casting
38:55 Conscription
42:18 Comitatenses
53:18 Redemption
58:51 Caravan
58:56 Capped Ram
60:03 Siege Ram
63:24 Siege Engineers
Velt2216
7:32 Loom
12:11 Feudal Age
14:12 Double-Bit Axe
16:54 Castle Age
14:47 Stone Mining
16:40 Horse Collar
16:59 Fletching
18:05 Heavy Plow
20:33 Gold Mining
26:11 Husbandry
26:23 Bodkin Arrow
27:38 Wheelbarrow
27:49 Ballistics
29:14 Hand Cart
29:30 Bow Saw
32:35 Imperial Age
29:51 Town Watch
31:15 Pikeman
31:56 Squires
32:07 Town Patrol
32:11 Town Patrol
31:46 Crossbowman
31:48 Elite Skirmisher
33:18 Gold Shaft Mining
32:42 Elite Longbowman
35:09 Chemistry
34:20 Fortified Wall
33:50 Treadmill Crane
35:14 Chemistry
34:25 Fortified Wall
34:11 Murder Holes
34:27 Masonry
34:05 Halberdier
35:44 Cavalier
42:03 Bracer
46:09 Two-Man Saw
51:29 Caravan
55:50 Onager
disgruntledDutch
11:41 Feudal Age
16:14 Castle Age
14:14 Double-Bit Axe
14:58 Stone Mining
14:56 Horse Collar
16:36 Gold Mining
17:44 Bow Saw
22:04 Wheelbarrow
24:14 Stronghold
25:15 Forging
25:12 Scale Barding Armor
25:21 Forging
25:59 Scale Mail Armor
27:26 Hand Cart
28:39 Chain Mail Armor
29:00 Iron Casting
30:37 Heavy Plow
35:09 Imperial Age
32:45 Fletching
36:21 Gold Shaft Mining
36:55 Stone Shaft Mining
35:46 Onager
36:52 Conscription
37:26 Plate Mail Armor
37:57 Blast Furnace
37:11 Town Watch
37:35 Siege Onager
39:32 Furor Celtica
40:08 Elite Woad Raider
44:08 Caravan
48:05 Heavy Scorpion
49:40 Pikeman
52:31 Siege Engineers
52:32 Halberdier
53:37 Capped Ram
55:11 Fortified Wall
55:22 Siege Ram
57:15 Hoardings
Connection lost

Rejoining the realm…

Still unreachable

The connection could not be restored.

Session expired

The server has moved on; the page needs a fresh start.